| TOP OF THE 1ST |
|
Quincy Cubs batting - Pitching for Danville Veterans : RHP John Violette
|
|
Pitching: RHP John Violette
|
|
|
Batting: RHB Alex Juarez
|
0-0: Called Strike 0-1: Fly out, F9 (Line Drive, 9, EV 100.6 MPH)
|
|
Batting: RHB Jack Ayer
|
0-0: Foul Ball, location: 2F 0-1: Ball 1-1: Fly out, F8 (Flyball, 78M, EV 98.1 MPH)
|
|
Batting: RHB Wes Clements
|
0-0: Ball 1-0: Ball 2-0: Foul Ball, location: 2F 2-1: Called Strike 2-2: Ball 3-2: Strikes out swinging
|
| Top of the 1st over - 0 runs, 0 hits, 0 errors, 0 left on base; Quincy 0 - Danville 0 |
| BOTTOM OF THE 1ST |
|
Danville Veterans batting - Pitching for Quincy Cubs : RHP Charles Lusted
|
|
Pitching: RHP Charles Lusted
|
|
|
Batting: RHB Billy Hatcher
|
0-0: Swinging Strike 0-1: Fly out, F7 (Flyball, 78S, EV 92.5 MPH)
|
|
Batting: RHB Henry Janssen
|
0-0: Ball 1-0: Ball 2-0: Called Strike 2-1: Ball 3-1: Base on Balls
|
|
Batting: LHB Mark Salas
|
0-0: Ball 1-0: Foul Ball, location: 2F 1-1: Foul Ball, location: 2F 1-2: Ball 2-2: Ball 3-2: Grounds into double play, 6-4-3 (Groundball, 6, EV 105.6 MPH)
|
| Bottom of the 1st over - 0 runs, 0 hits, 0 errors, 0 left on base; Quincy 0 - Danville 0 |
| TOP OF THE 2ND |
|
Quincy Cubs batting - Pitching for Danville Veterans : RHP John Violette
|
|
Batting: RHB Charles Curry
|
0-0: Fly out, F6 (Popup, 6, EV 58.8 MPH)
|
|
Batting: RHB Jerry Fry
|
0-0: Ball 1-0: Swinging Strike 1-1: Fly out, F4 (Popup, 4MD, EV 66.3 MPH)
|
|
Batting: RHB Billy Best
|
0-0: Ball 1-0: Fly out, F9 (Flyball, 9LS, EV 98.1 MPH)
|
| Top of the 2nd over - 0 runs, 0 hits, 0 errors, 0 left on base; Quincy 0 - Danville 0 |
| BOTTOM OF THE 2ND |
|
Danville Veterans batting - Pitching for Quincy Cubs : RHP Charles Lusted
|
|
Batting: RHB Barry Brunenkant
|
0-0: Foul Ball, location: 2F 0-1: Foul Ball, location: 2F 0-2: Ball 1-2: Strikes out swinging
|
|
Batting: RHB Ed Saavedra
|
0-0: Called Strike 0-1: Fly out, F9 (Line Drive, 9, EV 96.3 MPH)
|
|
Batting: RHB Vincent Pone
|
0-0: Ball 1-0: Ball 2-0: Called Strike 2-1: Ball 3-1: Base on Balls
|
|
Batting: RHB Jeff Moronko
|
0-0: Foul Ball, location: 2F 0-1: Ball 1-1: Ball 2-1: Called Strike 2-2: Ball 3-2: Fly out, F7 (Flyball, 78S, EV 88.8 MPH)
|
| Bottom of the 2nd over - 0 runs, 0 hits, 0 errors, 1 left on base; Quincy 0 - Danville 0 |
| TOP OF THE 3RD |
|
Quincy Cubs batting - Pitching for Danville Veterans : RHP John Violette
|
|
Batting: RHB Garry Keeton
|
0-0: Foul Ball, location: 2F 0-1: Ball 1-1: Ground out 5-3 (Groundball, 5L, EV 101.3 MPH)
|
|
Batting: RHB Samuel Bass
|
0-0: Called Strike 0-1: Ball 1-1: Fly out, F9 (Flyball, 9LS, EV 88.8 MPH)
|
|
Batting: RHB Nerio Guerrero
|
0-0: Called Strike 0-1: Ground out U3 (Groundball, 3S, EV 78.8 MPH)
|
| Top of the 3rd over - 0 runs, 0 hits, 0 errors, 0 left on base; Quincy 0 - Danville 0 |
| BOTTOM OF THE 3RD |
|
Danville Veterans batting - Pitching for Quincy Cubs : RHP Charles Lusted
|
|
Batting: RHB Tom Hayes
|
0-0: Called Strike 0-1: Ball 1-1: Called Strike 1-2: Strikes out swinging
|
|
Batting: RHB Jeff Hall
|
0-0: Ball 1-0: Fly out, F8 (Flyball, 8LXD, EV 106.9 MPH)
|
|
Batting: RHB Billy Hatcher
|
0-0: Fly out, F3 (Flyball, 3D, EV 96.9 MPH)
|
| Bottom of the 3rd over - 0 runs, 0 hits, 0 errors, 0 left on base; Quincy 0 - Danville 0 |
| TOP OF THE 4TH |
|
Quincy Cubs batting - Pitching for Danville Veterans : RHP John Violette
|
|
Batting: RHB Alex Juarez
|
0-0: Called Strike 0-1: Ball 1-1: Swinging Strike 1-2: Strikes out swinging
|
|
Batting: RHB Jack Ayer
|
0-0: Foul Ball, location: 2F 0-1: Ground out 1-3 (Groundball, P, EV 71.3 MPH)
|
|
Batting: RHB Wes Clements
|
0-0: Ground out 5-3 (Groundball, 56S, EV 89.4 MPH)
|
| Top of the 4th over - 0 runs, 0 hits, 0 errors, 0 left on base; Quincy 0 - Danville 0 |
| BOTTOM OF THE 4TH |
|
Danville Veterans batting - Pitching for Quincy Cubs : RHP Charles Lusted
|
|
Batting: RHB Henry Janssen
|
0-0: Ball 1-0: Ball 2-0: Foul Ball, location: 2F 2-1: Foul Ball, location: 2F 2-2: Ball 3-2: Base on Balls
|
|
Batting: LHB Mark Salas
|
0-0: Ball 1-0: Called Strike 1-1: Called Strike 1-2: Fly out, F8 (Flyball, 8LD, EV 88.1 MPH)
|
|
Batting: RHB Barry Brunenkant
|
0-0: Swinging Strike 0-1: Reached on error, E8 (Line Drive, 8LD, EV 85.6 MPH) Henry Janssen to second
|
|
Batting: RHB Ed Saavedra
|
0-0: Foul Ball, location: 2F 0-1: Called Strike 0-2: 3-RUN HOME RUN (Flyball, 7D, EV 96.3 MPH), Distance : 377 ft
|
|
Batting: RHB Vincent Pone
|
0-0: Called Strike 0-1: Swinging Strike 0-2: Strikes out swinging
|
|
Batting: RHB Jeff Moronko
|
0-0: Called Strike 0-1: Fly out, F9 (Flyball, 89D, EV 101.9 MPH)
|
| Bottom of the 4th over - 3 runs, 1 hit, 1 error, 0 left on base; Quincy 0 - Danville 3 |
| TOP OF THE 5TH |
|
Quincy Cubs batting - Pitching for Danville Veterans : RHP John Violette
|
|
Batting: RHB Charles Curry
|
0-0: Fly out, F7 (Flyball, 7S, EV 93.1 MPH)
|
|
Batting: RHB Jerry Fry
|
0-0: Ball 1-0: Called Strike 1-1: Ground out 5-3 (Groundball, 56, EV 86.9 MPH)
|
|
Batting: RHB Billy Best
|
0-0: Ball 1-0: Ball 2-0: Ball 3-0: Called Strike 3-1: Foul Ball, location: 2F 3-2: Fly out, F8 (Line Drive, 8RM, EV 99.4 MPH)
|
| Top of the 5th over - 0 runs, 0 hits, 0 errors, 0 left on base; Quincy 0 - Danville 3 |
| BOTTOM OF THE 5TH |
|
Danville Veterans batting - Pitching for Quincy Cubs : RHP Charles Lusted
|
|
Batting: RHB Tom Hayes
|
0-0: Called Strike 0-1: Called Strike 0-2: Ball 1-2: Strikes out swinging
|
|
Batting: RHB Jeff Hall
|
0-0: Ball 1-0: Foul Ball, location: 2F 1-1: Fly out, F8 (Flyball, 8RM, EV 95.0 MPH)
|
|
Batting: RHB Billy Hatcher
|
0-0: SINGLE (Line Drive, 4MD, EV 96.9 MPH)
|
|
Batting: RHB Henry Janssen
|
0-0: Ground out 4-3 (Groundball, 4, EV 80.0 MPH)
|
| Bottom of the 5th over - 0 runs, 1 hit, 0 errors, 1 left on base; Quincy 0 - Danville 3 |
| TOP OF THE 6TH |
|
Quincy Cubs batting - Pitching for Danville Veterans : RHP John Violette
|
|
Batting: RHB Garry Keeton
|
0-0: Ball 1-0: Called Strike 1-1: Called Strike 1-2: Ground out U3 (Groundball, 34S, EV 71.9 MPH)
|
|
Batting: RHB Samuel Bass
|
0-0: Ball 1-0: Foul Ball, location: 2F 1-1: Swinging Strike 1-2: Fly out, F5 (Popup, 5SF, EV 83.8 MPH)
|
|
Batting: RHB Nerio Guerrero
|
0-0: Called Strike 0-1: Ball 1-1: Foul Ball, location: 2F 1-2: Strikes out swinging
|
| Top of the 6th over - 0 runs, 0 hits, 0 errors, 0 left on base; Quincy 0 - Danville 3 |
| BOTTOM OF THE 6TH |
|
Danville Veterans batting - Pitching for Quincy Cubs : RHP Charles Lusted
|
|
Batting: LHB Mark Salas
|
0-0: Called Strike 0-1: Ball 1-1: Ball 2-1: Ball 3-1: Called Strike 3-2: Foul Ball, location: 2F 3-2: Fly out, F9 (Flyball, 89S, EV 91.9 MPH)
|
|
Batting: RHB Barry Brunenkant
|
0-0: Swinging Strike 0-1: Ground out 3-1 (Groundball, 34S, EV 79.4 MPH)
|
|
Batting: RHB Ed Saavedra
|
0-0: Called Strike 0-1: Called Strike 0-2: Foul Ball, location: 2F 0-2: Ball 1-2: Ball 2-2: Ground out 4-3 (Groundball, 34, EV 78.8 MPH)
|
| Bottom of the 6th over - 0 runs, 0 hits, 0 errors, 0 left on base; Quincy 0 - Danville 3 |
| TOP OF THE 7TH |
|
Quincy Cubs batting - Pitching for Danville Veterans : RHP John Violette
|
|
Batting: RHB Alex Juarez
|
0-0: Called Strike 0-1: Ball 1-1: Called Strike 1-2: Ball 2-2: Ball 3-2: Ground out 5-3 (Groundball, 56S, EV 78.8 MPH)
|
|
Batting: RHB Jack Ayer
|
0-0: Ball 1-0: Ball 2-0: Called Strike 2-1: Fly out, F8 (Line Drive, 8LD, EV 112.5 MPH)
|
|
Batting: RHB Wes Clements
|
0-0: Foul Ball, location: 2F 0-1: Swinging Strike 0-2: Strikes out swinging
|
| Top of the 7th over - 0 runs, 0 hits, 0 errors, 0 left on base; Quincy 0 - Danville 3 |
| BOTTOM OF THE 7TH |
|
Danville Veterans batting - Pitching for Quincy Cubs : RHP Charles Lusted
|
|
Batting: RHB Vincent Pone
|
0-0: Ball 1-0: Swinging Strike 1-1: Fly out, F8 (Flyball, 8RM, EV 95.0 MPH)
|
|
Batting: RHB Jeff Moronko
|
0-0: Called Strike 0-1: Foul Ball, location: 2F 0-2: Ball 1-2: Foul Ball, location: 2F 1-2: Ball 2-2: SINGLE (Flyball, 8LS, EV 95.6 MPH)
|
|
Batting: RHB Tom Hayes
|
0-0: Ball 1-0: Ball 2-0: Foul Ball, location: 2F 2-1: Foul Ball, location: 2F 2-2: Fielders Choice at 2nd, 3-6 (Groundball, 3, EV 78.8 MPH)
|
|
Batting: RHB Jeff Hall
|
0-0: Ball Tom Hayes steals 2nd base 1-0: Ground out U3 (Groundball, 34, EV 91.3 MPH)
|
| Bottom of the 7th over - 0 runs, 1 hit, 0 errors, 1 left on base; Quincy 0 - Danville 3 |
| TOP OF THE 8TH |
|
Quincy Cubs batting - Pitching for Danville Veterans : RHP John Violette
|
|
Batting: RHB Charles Curry
|
0-0: Ball 1-0: Swinging Strike 1-1: Called Strike 1-2: Ball 2-2: TRIPLE (Groundball, 5L, EV 108.1 MPH)
|
|
Batting: RHB Jerry Fry
|
0-0: Ball 1-0: DOUBLE (Line Drive, 3D, EV 98.8 MPH) Charles Curry scores
|
|
Batting: RHB Billy Best
|
0-0: Called Strike 0-1: Ball 1-1: Called Strike 1-2: Foul Ball, location: 2F 1-2: Ball 2-2: Ball 3-2: Foul Ball, location: 2F 3-2: Ground out 5-3 (Groundball, 56, EV 86.9 MPH)
|
|
Batting: RHB Garry Keeton
|
0-0: Fly out, F9 (Flyball, 9, EV 89.4 MPH)
|
|
Batting: RHB Samuel Bass
|
0-0: Ball 1-0: Swinging Strike 1-1: Foul Ball, location: 2F 1-2: Ball 2-2: SINGLE (Line Drive, 89M, EV 90.6 MPH) Jerry Fry to third Runner from 3rd tries for Home, SAFE, throw by RF to home
|
|
Pinch Hitting: SHB Willie Perez
|
0-0: Called Strike 0-1: Foul Ball, location: 2F 0-2: Ball 1-2: Ball 2-2: Ball 3-2: Ground out U3 (Groundball, 3, EV 85.6 MPH)
|
| Top of the 8th over - 2 runs, 3 hits, 0 errors, 1 left on base; Quincy 2 - Danville 3 |
| BOTTOM OF THE 8TH |
|
Danville Veterans batting - Pitching for Quincy Cubs : RHP Charles Lusted
|
|
Now at 1B: Willie Perez
|
|
|
Batting: RHB Billy Hatcher
|
0-0: Called Strike 0-1: Ball 1-1: Swinging Strike 1-2: Ground out 6-3 (Groundball, 6, EV 105.0 MPH)
|
|
Batting: RHB Henry Janssen
|
0-0: Foul Ball, location: 2F 0-1: Foul Ball, location: 2F 0-2: Ground out U3 (Groundball, 34, EV 105.0 MPH)
|
|
Batting: LHB Mark Salas
|
0-0: Ball 1-0: Ball 2-0: Ball 3-0: Called Strike 3-1: Called Strike 3-2: Foul Ball, location: 2F 3-2: Ground out 6-3 (Groundball, 6, EV 101.3 MPH)
|
| Bottom of the 8th over - 0 runs, 0 hits, 0 errors, 0 left on base; Quincy 2 - Danville 3 |
| TOP OF THE 9TH |
|
Quincy Cubs batting - Pitching for Danville Veterans : RHP John Violette
|
|
Pinch Hitting: LHB Dennis Mork
|
0-0: Swinging Strike 0-1: Foul Ball, location: 2F 0-2: Ball 1-2: Foul Ball, location: 2F 1-2: Foul Ball, location: 2F 1-2: Foul Ball, location: 2F 1-2: Foul Ball, location: 2F 1-2: Ball 2-2: Ball 3-2: Base on Balls
|
|
Batting: RHB Jack Ayer
|
0-0: Ball 1-0: Foul Ball, location: 2F 1-1: Swinging Strike 1-2: Foul Ball, location: 2F 1-2: Fly out, F5 (Popup, 15, EV 75.6 MPH)
|
|
Batting: RHB Wes Clements
|
0-0: Ball 1-0: Called Strike 1-1: SINGLE (Line Drive, 89D, EV 100.6 MPH) Dennis Mork to second Runner from 2nd tries for 3rd, SAFE, no throw by CF
|
|
Batting: RHB Charles Curry
|
0-0: Ball 1-0: Foul Ball, location: 2F 1-1: Ball 2-1: Foul Ball, location: 2F 2-2: Strikes out swinging
|
|
Batting: RHB Jerry Fry
|
0-0: Ball 1-0: Called Strike 1-1: Ball 2-1: Ball 3-1: Fielders Choice at 2nd, 6-4 (Groundball, 6, EV 85.0 MPH)
|
| Top of the 9th over - 0 runs, 1 hit, 0 errors, 2 left on base; Quincy 2 - Danville 3 |
|